 Dungeon Crawl Stone Soup version 0.31-a0-210-gccc998df9b (webtiles) character file.

Game seed: 8609893784781740098

95 qw the Shooter (level 4, -5/36 HPs)
             Began as a Minotaur Hexslinger on June 29, 2023.
             Killed from afar by an orc wizard (8 damage)
             ... with a puff of flame
             ... on level 2 of the Dungeon.
             The game lasted 00:00:34 (1060 turns).

qw the Shooter (Minotaur Hexslinger)                Turns: 1060, Time: 00:00:35

Health: -5/36      AC:  3    Str: 12    XL:     4   Next: 40%
Magic:  4/4        EV: 12    Int: 10    God:
Gold:   20         SH:  0    Dex: 17    Spells: 4/5 levels left

rFire   . . .        Y - +1 sling
rCold   . . .        (no shield)
rNeg    . . .        f - +0 leather armour
rPois   .            (helmet restricted)
rElec   .            (no cloak)
rCorr   .            (no gloves)
SInv    .            (no boots)
Will    .....        a - amulet of the Catfish {RegenMP Dex+2}
Stlth   +            (no ring)
HPRegen 0.26/turn    (no ring)
MPRegen 0.49/turn

%: no passive effects
@: no status effects
A: horns 2, retaliatory headbutt
a: no special abilities


You were on level 2 of the Dungeon.
You visited 1 branch of the dungeon, and saw 2 of its levels.

You collected 20 gold pieces.


Innate Abilities, Weirdness & Mutations

You have a pair of horns on your head.
You reflexively headbutt those who attack you in melee.


   Skills:
 + Level 2.0 Fighting
 - Level 5.0 Ranged Weapons
 - Level 2.1 Dodging
 - Level 1.0 Spellcasting
 - Level 2.0 Hexes


You had 4 spell levels left.
You knew the following spells:

 Your Spells              Type           Power      Damage    Failure   Level
a - Slow                  Hex            16%        N/A       19%         1

Your spell library contained the following spells:

 Spells                   Type           Power      Damage    Failure   Level
 Inner Flame              Hex/Fire       2%         N/A       65%         3
 Portal Projectile        Hex/Tloc       4%         N/A       65%         3
 Cause Fear               Hex            2%         N/A       88%         4

Inventory:

Hand Weapons
 Y - a +1 sling (weapon)
Armour
 f - a +0 leather armour (worn)
 j - a +0 ring mail
Jewellery
 a - the amulet of the Catfish (around neck) {RegenMP Dex+2}
   (You acquired it on level 1 of the Dungeon)

   [amulet of magic regeneration]

   It increases your rate of magic regeneration.
   Dex:       It affects your dexterity (+2).
Scrolls
 g - 3 scrolls of identify
Potions
 b - a potion of resistance {unknown}
 c - a potion of lignification {unknown}
 d - 2 potions of enlightenment {unknown}
 e - a potion of degeneration {unknown}
 h - a potion of haste {unknown}
 i - a potion of attraction {unknown}

Dungeon Overview and Level Annotations

Branches:
Dungeon (2/15)

Altars:


Message History

The orc wizard hits you with a +0 dagger.
You shoot a sling bullet.
The sling bullet barely misses the orc wizard.
The orc wizard hits you with a +0 dagger. x2
You shoot a sling bullet. The sling bullet hits the orc wizard.
The orc wizard is lightly wounded.
The orc wizard hits you with a +0 dagger.
You shoot a sling bullet.
The sling bullet closely misses the orc wizard.
The orc wizard casts a spell at you.
You are confused.
The orc wizard misses you.
The orc wizard mumbles some strange words.
The orc wizard flickers and vanishes!
Deactivating autopickup; reactivate with Ctrl-A.
You shoot a sling bullet. Something hits you.
You shoot a sling bullet. Something hits you. x2
You shoot a sling bullet. Something hits you.
You shoot a sling bullet.
You feel less confused. Something completely misses you.
You shoot a sling bullet. Something hits you.
You shoot a sling bullet. Something hits you.
Something hits you but does no damage.
You shoot a sling bullet.
You hear some strange, mumbled words.
Something tries to affect you, but you resist.
You shoot a sling bullet. Something hits you.
You shoot a sling bullet. Something hits you.
You shoot a sling bullet.
You hear some strange, mumbled words.
A puff of flame appears from out of thin air!
The puff of flame hits you!
You die...

###.## ## #.....# .. ...>.<. ##.
..#.. ##### .# .. .... .. ##....
##### ...o##.#..##.>. ##...##
....### ...o........... ##.#.#.#
##....# #.{..%... #.#.#... #..#.#
##@####### ##.#.#[# #..#.# #:..#
##...## #..#.# #...# ##....
##..#.# #...# #.### ##..#.###
#.).# #%# ##...%..#######...#####
####.#
##.)#.#.##....)........###....###
....#.....)..))............###...
##..###.##.............###.###.##


There were no monsters in sight!

Vanquished Creatures
  An orc priest (D:2)
  2 adders (D:2)
  3 orcs (D:2)
  4 bats
  3 endoplasms
  2 giant cockroaches (D:1)
  5 goblins
  4 hobgoblins
  5 kobolds
  A quokka (D:2)
  7 ball pythons
  6 rats
43 creatures vanquished.

Notes
Turn   | Place    | Note
-------+----------+-------------------------------------------
     0 | D:1      | qw the Minotaur Hexslinger began the quest for the Orb.
     0 | D:1      | Reached XP level 1. HP: 16/16 MP: 1/1
     0 | D:1      | 0 ||| qw: Version: 0.3-a-24-ga2abf7b
     0 | D:1      | 0 ||| qw: Game counter: 6800
     0 | D:1      | 0 ||| qw: Melee chars always use a shield: true
     0 | D:1      | 0 ||| qw: God list: Okawaru
     0 | D:1      | 0 ||| qw: Allow faded altars: false
     0 | D:1      | 0 ||| qw: Do Orc after clearing Dungeon:15 true
     0 | D:1      | 0 ||| qw: Do second Lair branch before Depths: true
     0 | D:1      | 0 ||| qw: Lair rune preference: random
     0 | D:1      | 0 ||| qw: Goals: Normal
     0 | D:1      | 0 ||| PLANNING D:1-11
   129 | D:1      | Reached skill level 3 in Ranged Weapons
   152 | D:1      | Reached XP level 2. HP: 23/23 MP: 2/2
   553 | D:1      | Reached XP level 3. HP: 29/29 MP: 3/3
   628 | D:1      | 628 ||| UPGRADING to +0 leather armour.
   638 | D:1      | 638 ||| DROPPING +0 robe.
   639 | D:1      | 639 ||| READING scroll labelled AGEITU TURCHYPT.
   640 | D:1      | 640 ||| READING scroll labelled VOGAN UCEZAAQU.
   640 | D:1      | Identified a scroll of acquirement
   640 | D:1      | 640 ||| ACQUIRING amulet of the Catfish {RegenMP Dex+2}
   640 | D:1      | Acquired the amulet of the Catfish {RegenMP Dex+2}
   642 | D:1      | 642 ||| UPGRADING to amulet of the Catfish {RegenMP Dex+2}.
   647 | D:1      | 647 ||| READING scroll labelled GUL VAHAFIVOS.
   648 | D:1      | 648 ||| READING scroll labelled DOMYRIOWEPH.
   649 | D:1      | 649 ||| DROPPING scroll of poison.
   908 | D:2      | Reached skill level 4 in Ranged Weapons
  1021 | D:2      | Reached XP level 4. HP: 36/36 MP: 4/4
  1028 | D:2      | Reached skill level 5 in Ranged Weapons
  1055 | D:2      | HP: 9/36 [something (2)]
  1056 | D:2      | HP: 4/36 [something (5)]
  1060 | D:2      | Killed from afar by an orc wizard

Levels and vault maps discovered:
D:1:      zaba_arrival_water, layout_basic
D:2:      layout_loops_cross

Skill      XL: |  1  2  3  4 |
---------------+-------------+-----
Ranged Weapons | 3 4 5 |  5.0
Fighting       | 2 |  2.0
Dodging        | |  2.1
Spellcasting   | |  1.0
Hexes          | |  2.0

Action                     |  1- 3 |  4- 6 || total
---------------------------+-------+-------++-------
   Fire: Sling             |   112 |    22 ||   134
    Use: Scroll            |     4 |       ||     4
 Armour: Robe              |     8 |       ||     8
         Leather armour    |       |     1 ||     1
  Dodge: Dodged            |    26 |     7 ||    33

Table legend:
 A = Non-vault XP
 B = Vault XP
 C = Vault XP percentage of total XP
 D = Non-vault monster count
 E = Vault monster count
 F = Vault count percentage of total count
                 A         B        C        D         E       F
            +---------+---------+-------+---------+---------+-------
      Total |     137 |       0 |   0.0 |      43 |       0 |   0.0
            +---------+---------+-------+---------+---------+-------
        D:1 |      45 |       0 |   0.0 |      27 |       0 |   0.0
        D:2 |      92 |       0 |   0.0 |      16 |       0 |   0.0
            +---------+---------+-------+---------+---------+-------
